 Dungeon Crawl Stone Soup version 0.28.0 (webtiles) character file.

Game seed: 699483398074067757

557 Prodoman the Magician (level 7, 0/46 HPs)
             Began as a Demonspawn Hedge Wizard on Feb 4, 2022.
             Was an Initiate of Qazlal.
             Slain by ragingrage's ghost (11 damage)
             ... on level 5 of the Dungeon.
             The game lasted 00:19:28 (5843 turns).

Prodoman the Magician (Demonspawn Hedge Wizard)     Turns: 5843, Time: 00:19:30

Health: 0/46       AC:  7    Str: 17    XL:     7   Next: 9%
Magic:  8/15       EV: 12    Int: 17    God:    Qazlal [......]
Gold:   127        SH:  0    Dex: 12    Spells: 9/17 levels left

rFire   . . .      SeeInvis .   t - +0 dagger (protect)
rCold   + . .      Faith    .   (no shield)
rNeg    . . .      Spirit   .   l - +0 leather armour
rPois   .          Reflect  .   c - +0 hat
rElec   .          Harm     .   (no cloak)
rCorr   .          Rampage  .   h - +0 pair of gloves
Will    .....                   (no boots)
Stlth   ++........              n - amulet of the acrobat
HPRegen 0.15/turn               k - +6 ring of strength
MPRegen 0.14/turn               p - ring of protection from cold

@: no status effects
A: slimy green scales 2, demonic guardian 1, spiny 1
a: Renounce Religion


You were on level 5 of the Dungeon.
You worshipped Qazlal.
Qazlal was noncommittal.
You visited 1 branch of the dungeon, and saw 5 of its levels.

You collected 127 gold pieces.

Inventory:

Hand Weapons
 a - a +0 dagger
 r - a +0 quarterstaff
 t - a +0 dagger of protection (weapon)
 w - a +2 whip of electrocution
Armour
 b - a +0 robe
 c - a +0 hat (worn)
 h - a +0 pair of gloves (worn)
 l - a +0 leather armour (worn)
Jewellery
 k - a +6 ring of strength (left hand)
 n - an amulet of the acrobat (around neck)
 p - a ring of protection from cold (right hand)
Scrolls
 e - a scroll of identify
 g - 2 scrolls of amnesia
 i - a scroll of enchant armour
 q - a scroll of magic mapping {unknown}
 u - 2 scrolls of blinking {unknown}
Potions
 d - 3 potions of curing
 j - a potion of haste {unknown}
 m - a potion of berserk rage {unknown}
 o - 2 potions of flight {unknown}
 s - a potion of attraction {unknown}
 v - a potion of degeneration {unknown}
 x - a potion of magic {unknown}


   Skills:
 + Level 3.6 Dodging
 - Level 2.0 Stealth
 * Level 5.5 Spellcasting
 + Level 2.1 Conjurations
 + Level 0.0 Hexes
 + Level 2.1 Summonings
 + Level 0.0 Necromancy
 - Level 1.0 Translocations
 + Level 1.4 Air Magic
 + Level 1.5 Poison Magic


You had 9 spell levels left.
You knew the following spells:

 Your Spells              Type           Power      Damage    Failure   Level
a - Magic Dart            Conj           44%        1d5       7%          1
b - Mephitic Cloud        Conj/Pois/Air  10%        N/A       24%         3
c - Vampiric Draining     Necr           4%         2d6       45%         3
d - Slow                  Hex            16%        N/A       17%         1

Your spell library contained the following spells:

 Spells                   Type           Power      Damage    Failure   Level
 Call Imp                 Summ           11%        N/A       11%         2
 Blink                    Tloc           16%        N/A       16%         2
 Conjure Flame            Conj/Fire      8%         6-21      32%         3
 Confusing Touch          Hex            4%         N/A       45%         3


Dungeon Overview and Level Annotations

Branches:
Dungeon (5/15)
 Temple: D:4-7

Altars:
Elyvilon
Kikubaaqudgha
Makhleb
Qazlal

Shops:
D:2 *

Annotations:
D:5 ragingrage's ghost, novice MiBe


Innate Abilities, Weirdness & Mutations

You are mostly covered in slimy green scales. (AC +3)
A weak demonic guardian rushes to your aid.
You are partially covered in sharp spines.


Message History

Ragingrage's ghost yells, "Who would have thought, even in death it is a pleasure to sever!"
Ragingrage's ghost is struck by your spines.
Ragingrage's ghost completely misses you.
Casting: Magic Dart (safe; 7% risk of failure)
Confirm with . or Enter, or press ? or * to list all spells.
Aiming: Magic Dart (safe; 7% risk of failure)
Press: ? - help, Shift-Dir - straight line, f/p - ragingrage's ghost
Aim: ragingrage's ghost (severely damaged, 100% to hit)
The magic dart hits ragingrage's ghost.
Ragingrage's ghost is severely damaged.
Ragingrage's ghost hits you.
Unknown command.
Casting: Magic Dart (safe; 7% risk of failure)
Confirm with . or Enter, or press ? or * to list all spells.
Aiming: Magic Dart (safe; 7% risk of failure)
Press: ? - help, Shift-Dir - straight line, f/p - ragingrage's ghost
Aim: ragingrage's ghost (severely damaged, 100% to hit)
The magic dart hits ragingrage's ghost but does no damage.
Ragingrage's ghost is severely damaged.
Ragingrage's ghost is struck by your spines.
Ragingrage's ghost hits you!
* * * LOW HITPOINT WARNING * * *
Casting: Magic Dart (safe; 7% risk of failure)
Confirm with . or Enter, or press ? or * to list all spells.
Aiming: Magic Dart (safe; 7% risk of failure)
Press: ? - help, Shift-Dir - straight line, f/p - ragingrage's ghost
Aim: ragingrage's ghost (severely damaged, 100% to hit)
The magic dart hits ragingrage's ghost.
Ragingrage's ghost is almost destroyed.
Ragingrage's ghost barely misses you.
Unknown command.
Casting: Magic Dart (safe; 7% risk of failure)
Confirm with . or Enter, or press ? or * to list all spells.
Aiming: Magic Dart (safe; 7% risk of failure)
Press: ? - help, Shift-Dir - straight line, f/p - ragingrage's ghost
Aim: ragingrage's ghost (almost destroyed, 100% to hit)
The magic dart hits ragingrage's ghost.
Ragingrage's ghost is almost destroyed.
Ragingrage's ghost hits you!
You die...

#.)....#≈.#≈#
#......#.⌠≈≈##
##......'...=.#
........'≈#≈≈## ##
#########..#.....#
.#
.......##..#...###
.#
.........#.#.##.#
.# ######.#.#W###
# .###.# #.#.#@#
.'...# #<#.#.#
.######## ###.#.#
.'....... ..#.#
.###############.#
.................#
##################
.### ...#


You could see ragingrage's ghost.

Vanquished Creatures
  2 necrophages
  An ogre (D:4)
  Blork the orc (D:4)
  A hound (D:4)
  Jessica (D:2)
  2 iguanas
  2 adders
  2 worms
  4 dart slugs
  5 endoplasms
  3 giant cockroaches
  5 goblins
  6 hobgoblins
  17 jackals
  3 quokkas
  7 ball pythons
  6 bats
  7 frilled lizards
  9 kobolds
  A quokka zombie (D:4)
  5 rats
  A rat zombie (D:4)
91 creatures vanquished.

Vanquished Creatures (collateral kills)
  A jackal (D:4)
1 creature vanquished.

Grand Total: 92 creatures vanquished

Notes
Turn   | Place    | Note
-------+----------+-------------------------------------------
     0 | D:1      | Prodoman the Demonspawn Hedge Wizard began the quest for
                  | the Orb.
     0 | D:1      | Reached XP level 1. HP: 13/13 MP: 4/4
   177 | D:1      | Reached skill level 1 in Translocations
   504 | D:1      | Gained mutation: You are partially covered in sharp spines.
                  | [demonic ancestry]
   504 | D:1      | Reached XP level 2. HP: 19/19 MP: 4/6
  1182 | D:1      | Gained mutation: A weak demonic guardian rushes to your
                  | aid. [demonic ancestry]
  1182 | D:1      | Reached XP level 3. HP: 17/24 MP: 1/8
  1520 | D:1      | Found a faded altar of an unknown god.
  2087 | D:2      | Noticed Jessica
  2094 | D:2      | Killed Jessica
  2095 | D:2      | Reached skill level 4 in Spellcasting
  2095 | D:2      | Gained mutation: You are partially covered in slimy green
                  | scales. (AC +2) [demonic ancestry]
  2095 | D:2      | Reached XP level 4. HP: 14/30 MP: 1/10
  2331 | D:2      | Noticed a necrophage
  2344 | D:2      | Killed a necrophage
  2345 | D:2      | Reached XP level 5. HP: 29/35 MP: 0/12
  2349 | D:2      | Learned a level 3 spell: Mephitic Cloud
  2376 | D:2      | Found Fityustu's General Store.
  3769 | D:3      | Reached skill level 5 in Spellcasting
  4324 | D:4      | Noticed a necrophage
  4338 | D:4      | Killed a necrophage
  4339 | D:4      | Reached XP level 6. HP: 40/41 MP: 0/13
  4445 | D:4      | Found a burning altar of Makhleb.
  4448 | D:4      | Found a stormy altar of Qazlal.
  4448 | D:4      | Found an ancient bone altar of Kikubaaqudgha.
  4464 | D:4      | Became a worshipper of Qazlal Stormbringer
  4693 | D:4      | Noticed Blork the orc
  4717 | D:4      | Killed Blork the orc
  4718 | D:4      | Reached skill level 1 in Air Magic
  4718 | D:4      | Reached skill level 1 in Poison Magic
  5350 | D:4      | Gained mutation: You are mostly covered in slimy green
                  | scales. (AC +3) [demonic ancestry]
  5350 | D:4      | Reached XP level 7. HP: 19/46 MP: 9/15
  5675 | D:5      | Entered Level 5 of the Dungeon
  5720 | D:5      | Learned a level 3 spell: Vampiric Draining
  5722 | D:5      | Learned a level 1 spell: Slow
  5803 | D:5      | Found a large runed translucent door.
  5804 | D:5      | Found a large runed translucent door.
  5807 | D:5      | Noticed ragingrage's ghost (novice MiBe)
  5820 | D:5      | HP: 2/46 [ragingrage's ghost (18)]
  5843 | D:5      | Slain by ragingrage's ghost

Illustrated notes

Levels and vault maps discovered:
D:1:      nicolae_arrival_washed_ashore, layout_basic,
          ebering_ecumenical_altar_petrified, serial_corexii_hall,
          corexii_hall_statues_t, corexii_hall_statues_i
D:2:      layout_basic, serial_shops, nicolae_square_shop,
          kennysheep_cluttered_room, minmay_between, uniq_jessica
D:3:      layout_basic, mainiacjoe_overflow_six_doors_small
D:4:      layout_basic, gammafunk_temple_overflow_forgotten, enter_ossuary_4,
          uniq_blork_the_orc
D:5:      layout_basic, mainiacjoe_overflow_surrounded_room,
          minmay_temple_entry_slanted, ebering_ghost_disaster_area

Skill      XL: |  1  2  3  4  5  6 |
---------------+-------------------+-----
Translocations | 1 |  1.0
Stealth        | 2 |  2.0
Dodging        | 2 3 |  3.6
Spellcasting   | 4 5 |  5.5
Air Magic      | 1 |  1.4
Poison Magic   | 1 |  1.5
Conjurations   | 2 |  2.1
Summonings     | 2 |  2.1

Action                   |  1- 3 |  4- 6 |  7- 9 || total
-------------------------+-------+-------+-------++-------
Melee: Dagger            |    42 |    63 |    20 ||   125
       Punch             |       |     1 |       ||     1
 Cast: Magic Dart        |    77 |   139 |    16 ||   232
       Mephitic Cloud    |       |     2 |       ||     2
       Slow              |       |       |     1 ||     1
  Use: Scroll            |       |     4 |       ||     4
       Potion            |       |       |     3 ||     3
 Stab: Confused          |       |     3 |       ||     3
       Sleeping          |       |     2 |       ||     2
Armor: Robe              |     6 |     6 |       ||    12
       Leather armour    |       |    15 |     4 ||    19
Dodge: Dodged            |    44 |    55 |    10 ||   109
